 Dungeon Crawl Stone Soup version 0.25.1-1-g288607f5aa (webtiles) character file.

Game seed: 4222997215308955230

28 Descartes the Grasshopper (level 2, 0/13 HPs)
             Began as a Felid Warper on July 22, 2020.
             Succumbed to an adder's poison
             ... on level 2 of the Dungeon.
             The game lasted 00:01:36 (921 turns).

Descartes the Grasshopper (Felid Warper)             Turns: 921, Time: 00:01:36

Health: 0/13       AC:  1    Str:  7    XL:     2   Next: 96%
Magic:  2/6        EV: 19    Int: 14    God:
Gold:   30         SH:  0    Dex: 15    Spells: 1/5 levels left
                                        Lives:  0   Deaths: 0

rFire    . . .     SeeInvis +     - Unarmed
rCold    . . .     Gourm    .   (shield unavailable)
rNeg     . . .     Faith    .   (armour unavailable)
rPois    .         Spirit   .   (helmet unavailable)
rElec    .         Reflect  .   (cloak unavailable)
rCorr    .         Harm     .   (gloves unavailable)
MR       .....                  (boots unavailable)
Stlth    +++.......             (no amulet)
HPRegen  0.04/turn              (no ring)
MPRegen  0.10/turn              (no ring)

@: lethally poisoned (0 -> -4), very slightly contaminated, quick
A: very small, no armour, no weapons or thrown items, stealth, claws 1, fangs 3,
see invisible, carnivore, speed 1, shaggy fur 1, slow metabolism 1, sharp paws
a: no special abilities


You were on level 2 of the Dungeon.
You were very full.

You visited 1 branch of the dungeon, and saw 2 of its levels.

You collected 30 gold pieces.

Inventory:

Missiles
 d - 29 stones
Scrolls
 a - a scroll of fog {unknown}
 b - a scroll of blinking
 f - a scroll of identify {unknown}
 i - a scroll of amnesia {unknown}
Potions
 e - a potion of curing {unknown}
 g - 2 potions of resistance {unknown}
Comestibles
 c - 2 rations


   Skills:
 - Level 2.0 Fighting
 + Level 3.7 Dodging
 * Level 2.7 Stealth
 + Level 2.4 Unarmed Combat
 - Level 2.0 Spellcasting
 - Level 4.4 Translocations


You had one spell level left.
You knew the following spells:

 Your Spells              Type           Power        Failure   Level  Hunger
a - Blink                 Tloc           N/A          6%          2    ###....
b - Shroud of Golubria    Chrm/Tloc      #.....       14%         2    ###....

Your spell library contained the following spells:

 Spells                   Type           Power        Failure   Level  Hunger
 Gell's Gravitas          Tloc           ##........   12%         3    ####...
 Lesser Beckoning         Tloc           ##........   12%         3    ####...
 Teleport Other           Tloc           ##......     12%         3    ####...
 Passage of Golubria      Tloc           N/A          36%         4    #####..


Dungeon Overview and Level Annotations

Branches:
Dungeon (2/15)

Altars:


Innate Abilities, Weirdness & Mutations

You cannot wear armour.
You are incapable of wielding weapons or throwing items.
Your paws allow you to move quietly. (Stealth)
You have sharp claws.
You have razor-sharp teeth.
You have supernaturally acute eyesight. (SInv)
You are carnivorous and can eat meat at any time.
You cover ground quickly.
You are covered in fur. (AC +1)
You have a slow metabolism.
Your sharp claws are effective at attacking unaware monsters.


Message History

You scratch the frilled lizard.
You kill the frilled lizard!
No target in view!
HP restored.
An adder comes into view.
Casting: Shroud of Golubria (safe; 14% risk of failure)
Confirm with . or Enter, or press ? or * to list all spells.
You miscast Shroud of Golubria.
You are very lightly contaminated with residual magic.
Nothing appears to happen.
Casting: Shroud of Golubria (safe; 14% risk of failure)
Confirm with . or Enter, or press ? or * to list all spells.
You miscast Shroud of Golubria.
Nothing appears to happen.
The adder bites you. x2
You barely miss the adder. The adder bites you.
You scratch the adder but do no damage. The adder bites you.
* * * LOW HITPOINT WARNING * * *
You are lethally poisoned!
The adder poisons you!
You scratch the adder but do no damage.
You die...

#.# #.# #.# #.# #.#
####.### .##
#......###
.....#......<.#
......S@##..#.......
.....#..#...#..##...
.### #..#.#.#..# .
#.........#
#...l..#### ##......
#.#.##. #.#.# .


You could see an adder.

Vanquished Creatures
  2 oozes (D:1)
  A dart slug (D:1)
  A leopard gecko (D:1)
  A ball python (D:1)
  A hobgoblin (D:1)
  5 bats (D:1)
  5 frilled lizards
  3 kobolds (D:1)
  A rat (D:1)
20 creatures vanquished.

Notes
Turn   | Place    | Note
-------+----------+-------------------------------------------
     0 | D:1      | Descartes the Felid Warper began the quest for the Orb.
     0 | D:1      | Reached XP level 1. HP: 9/9 MP: 4/4
     7 | D:1      | Noticed an electric eel
   170 | D:1      | Reached skill level 1 in Stealth
   330 | D:1      | Reached XP level 2. HP: 13/13 MP: 6/6
   346 | D:1      | Learned a level 2 spell: Blink
   349 | D:1      | Learned a level 2 spell: Shroud of Golubria
   921 | D:2      | Succumbed to an adder's poison

Illustrated notes

Levels and vault maps discovered:
D:1:      arrival_aquarium_a, layout_basic
D:2:      layout_loops_cross, nicolae_gozag_zags_fifth_avenue, first_ration

Skill      XL: |  1  2 |
---------------+-------+-----
Stealth        | 1 2 |  2.7
Fighting       | |  2.0
Dodging        | |  3.7
Unarmed Combat | |  2.4
Spellcasting   | |  2.0
Translocations | |  4.4

Action                   || total
-------------------------++-------
Melee: Unarmed           ||    68
       Bite              ||     3
       Punch             ||     1
 Cast: Shroud of Golubri ||     1
 Stab: Sleeping          ||     5
  Eat: Chunk             ||     7
Armor: Skin              ||     8
Dodge: Dodged            ||    58
